 Dungeon Crawl Stone Soup version 0.13.0-13-g27bfa31 (webtiles) character file.

3939 Lilouch the Basher (level 10, -10/57 HPs)
             Began as a Gargoyle Fighter on Oct 19, 2013.
             Was a Believer of Okawaru.
             Killed by the air
             ... invoked by Gastronok
              (24 damage)
             ... on Level 8 of the Dungeon.
             The game lasted 00:38:10 (6924 turns).

Lilouch the Basher (Gargoyle Fighter)               Turns: 6924, Time: 00:38:11

HP -10/57        AC 16     Str 24      XL: 10   Next: 12%
MP  17/17        EV 11     Int  8      God: Okawaru [**....]
Gold 278         SH 22     Dex  9 (10) Spells:  0 memorised,  9 levels left

Res.Fire  : + . .   See Invis. : .   A - +0,+2 whip (elec)
Res.Cold  : . . .   Warding    : .   E - +1 leather armour {rF+}
Life Prot.: + . .   Conserve   : .   c - +0 shield
Res.Poison: +       Res.Corr.  : .   r - +0 winged helmet
Res.Elec. : +       Clarity    : .   (no cloak)
Sust.Abil.: . .     Spirit.Shd : .   K - +1 pair of orc gauntlets
Res.Mut.  : .       Stasis     : +   I - +0 pair of boots (curse)
Res.Rott. : +       Flight     : .   L - amulet of stasis
Saprovore : . . .                    (no ring)
                                     o - +1 ring of dexterity

@: somewhat resistant to hostile enchantments, very unstealthy
A: fangs 1, talons 2, life protection 1, electricity resistance, slow metabolism
1, unbreathing, petrification resistance, AC +7
a: Heroism, Renounce Religion


You were on level 8 of the Dungeon.
You worshipped Okawaru.
Okawaru was pleased with you.
You were not hungry.

You visited 2 branches of the dungeon, and saw 9 of its levels.

You collected 258 gold pieces.

Inventory:

Hand weapons
 b - a cursed -4,-3 orcish falchion
 e - a +0,-2 flail
 A - a +0,+2 whip of electrocution (weapon)
 B - a +2,-3 flail of holy wrath
 P - a +0 blowgun
Missiles
 m - 16 darts of flame (quivered)
 z - 6 poisoned darts
 S - 7 poisoned needles
Armour
 c - a +0 shield (worn)
 r - a +0 winged helmet (worn)
 E - a +1 leather armour of fire resistance (worn)
 I - a cursed +0 pair of boots (worn)
 K - a +1 pair of orcish gauntlets (worn)
 M - a +0 orcish plate armour
Magical devices
 f - a wand of fire (9)
 F - a wand of draining (0)
Comestibles
 d - 3 bread rations
 j - a choko
 k - 2 meat rations
 G - 13 strawberries
Scrolls
 g - 2 scrolls of remove curse {unknown}
 h - 2 scrolls of blinking {unknown}
 l - 3 scrolls of teleportation {unknown}
 n - 4 scrolls of recharging {unknown}
 p - 3 scrolls of magic mapping {unknown}
 q - 3 scrolls of fog {unknown}
 v - a scroll of noise {unknown}
 y - a scroll of fear {unknown}
 C - a scroll of curse armour {unknown}
 D - 2 scrolls of enchant weapon I {unknown}
 H - a scroll of enchant armour {unknown}
 J - a scroll of curse weapon {unknown}
 N - a scroll of identify
 O - a scroll of amnesia {unknown}
Jewellery
 a - an uncursed amulet of faith {unknown}
 o - a +1 ring of dexterity (left hand)
 L - an amulet of stasis (around neck)
Potions
 i - 4 potions of curing
 s - a potion of heal wounds
 t - 3 potions of restore abilities
 u - a potion of berserk rage
 w - a potion of speed
 x - a potion of might
 Q - 2 potions of resistance {unknown}
 R - a potion of paralysis {unknown}


   Skills:
 - Level 3.2 Fighting
 * Level 9.2 Maces & Flails
 + Level 7.3 Armour
 + Level 4.7 Dodging
 + Level 7.4 Shields
 * Level 5.1 Evocations


You had 9 spell levels left.
You didn't know any spells.

Dungeon Overview and Level Annotations

Branches:
Dungeon (8/27)             Temple (1/1) D:4
    Orc: D:6-11        Lair: D:8-13

Altars:
Ashenzari
Cheibriados
Fedhas
Okawaru
Sif Muna
Trog

Annotations:
D:8 Gastronok


Innate Abilities, Weirdness & Mutations

You are resistant to torment.
You are immune to poison.
Your stone body is very resilient (AC +7).
You have very sharp teeth.
You have razor-sharp toenails.
You resist negative energy.
You are resistant to electric shocks.
You have a slow metabolism.
You can survive without breathing.
You are immune to petrification.


Message History

The bat is severely wounded.
The bat barely misses you. The bat hits you but does no damage.
You closely miss the bat.
The bat is heavily wounded.
You block the bat's attack.
Your shield prevents you from hitting the grey rat.
Gastronok mumbles some strange words.
You hit the grey rat.
There is a sudden explosion of sparks!
You kill the grey rat!
The grey rat's corpse disappears in a puff of smoke!
The bat hits you but does no damage.
You hit the bat.
The bat is severely wounded.
The bat barely misses you. The bat hits you but does no damage.
You miss the bat. Your bite misses the bat.
The bat is severely wounded.
The bat closely misses you.
Gastronok waves his eye-stalks in wide circles.
The air twists around and strikes you!
You die...

..........................#
#.##..#...................#
#.##..#...................#
#.##..#..........####.#####
#.##..#..........# #.#
.................# #.#
.................# #.#
####...###..####.# #.#
#..#...# #..# #@# #.#
#..#...# #..####b## #.#
...#######..##..b.# #.#
(....#..##..##..r.# #.#
.....#..##..##.j..#
..#((...######.>..#
..#..((...#..#....#
#####.....#(......#
#..#..(..#....#


You could see Gastronok, a green rat and 2 bats.

Vanquished Creatures
  The ghost of Zurvan the Skirmisher, an average MiBe of Trog (D:4)
  Eustachio (D:4)
  Edmund (D:4)
  2 orc warriors
  A sky beast (D:4)
  3 phantoms
  3 centaurs
  6 ogres
  3 giant frogs
  4 wights (D:8)
  4 jellies
  5 crimson imps
  A giant frog zombie (D:6)
  6 hounds
  A quasit (D:4)
  A goliath beetle (D:8)
  A black bear skeleton (D:8)
  An iguana (D:3)
  4 orc priests
  A giant frog skeleton (D:8)
  A gnoll shaman (D:4)
  2 orc wizards (D:6)
  5 worker ants
  A scorpion (D:7)
  An ogre zombie (D:5)
  Ijyb (D:4)
  A crocodile skeleton (D:6)
  A hound skeleton (D:3)
  5 adders
  3 green rats
  A lemure (D:4)
  A giant mite (D:3)
  12 gnolls
  An inept item mimic (D:3)
  5 worms
  An ufetubus (D:4)
  7 grey rats
  A giant eyeball (D:5)
  6 giant geckos
  An ooze (D:2)
  18 orcs
  A ball python (D:6)
  20 bats
  4 giant cockroaches
  6 hobgoblins
  A giant gecko zombie (D:3)
  3 giant newts
  A giant spore (D:7)
  17 goblins
  A goblin skeleton (D:5)
  20 jackals
  11 kobolds
  9 quokkas
  12 rats
  A rat skeleton (D:4)
  A ballistomycete (D:7)
233 creatures vanquished.

Notes
Turn   | Place    | Note
--------------------------------------------------------------
     0 | D:1      | Lilouch, the Gargoyle Fighter, began the quest for the Orb.
     0 | D:1      | Reached XP level 1. HP: 14/14 MP: 0/0
    12 | D:1      | Noticed a giant goldfish
   130 | D:1      | Reached XP level 2. HP: 17/19 MP: 1/1
   625 | D:2      | Reached XP level 3. HP: 24/24 MP: 2/2
   635 | D:2      | Found a bloodstained altar of Trog.
  1329 | D:2      | Reached XP level 4. HP: 22/28 MP: 3/3
  1332 | D:2      | Reached skill level 1 in Dodging
  1682 | D:3      | Reached skill level 4 in Maces & Flails
  1682 | D:3      | Reached XP level 5. HP: 33/33 MP: 4/4
  1772 | D:3      | Noticed an ogre
  1778 | D:3      | Killed an ogre
  1884 | D:3      | Reached XP level 6. HP: 34/38 MP: 5/5
  2183 | D:4      | Reached skill level 5 in Maces & Flails
  2240 | D:4      | Reached XP level 7. HP: 33/42 MP: 6/6
  2306 | D:4      | Noticed Edmund
  2308 | D:4      | Noticed Ijyb
  2327 | D:4      | Killed Edmund
  2327 | D:4      | Reached skill level 5 in Armour
  2327 | D:4      | Reached skill level 5 in Shields
  2378 | D:4      | Killed Ijyb
  2733 | D:4      | Noticed Zurvan's ghost (average MiBe)
  3012 | D:4      | HP: 2/42 [Zurvan's ghost (8)]
  3015 | D:4      | Killed Zurvan's ghost
  3015 | D:4      | Reached skill level 6 in Maces & Flails
  3015 | D:4      | Reached XP level 8. HP: 2/48 MP: 7/7
  3303 | D:4      | Found a staircase to the Ecumenical Temple.
  3303 | D:4      | Noticed Eustachio
  3355 | D:4      | Killed Eustachio
  3396 | Temple   | Entered the Ecumenical Temple
  3408 | Temple   | Became a worshipper of Warmaster Okawaru
  3488 | D:5      | Entered Level 5 of the Dungeon
  3784 | D:5      | Reached skill level 7 in Maces & Flails
  4378 | D:5      | Reached skill level 1 in Evocations
  4466 | D:5      | Paralysed by a giant eyeball for 3 turns
  4773 | D:6      | Reached XP level 9. HP: 33/52 MP: 11/11
  4853 | D:6      | Acquired Okawaru's first power
  4902 | D:6      | Reached skill level 8 in Maces & Flails
  6421 | D:8      | Reached skill level 9 in Maces & Flails
  6421 | D:8      | Reached XP level 10. HP: 40/57 MP: 15/17
  6607 | D:8      | Reached skill level 5 in Evocations
  6812 | D:8      | Noticed Gastronok
  6924 | D:8      | Killed from afar by Gastronok

Action                   |  1- 3 |  4- 6 |  7- 9 | 10-12 || total
-------------------------+-------+-------+-------+-------++-------
Melee: Mace              |   106 |    92 |       |       ||   198
       Whip              |       |     9 |   167 |    92 ||   268
       Flail             |       |       |   380 |    45 ||   425
 Fire: Blowgun           |       |       |       |    15 ||    15
Throw: Dart              |       |    10 |     4 |       ||    14
Invok: Heroism           |       |       |     3 |       ||     3
Evoke: Wand              |       |       |     1 |       ||     1
  Use: Scroll            |       |       |     9 |       ||     9
